 Dungeon Crawl Stone Soup version 0.28-a0-653-g7e9dba17c3 (webtiles) character file.

Game seed: 7469596216727746256

15599 Ijustatesigmund the Fighter (level 12, 0/103 HPs)
             Began as a Gnoll Wanderer on Oct 12, 2021.
             Was a Believer of Cheibriados.
             Slain by a very large slime creature (43 damage)
             ... on level 12 of the Dungeon.
             The game lasted 00:36:37 (15411 turns).

Ijustatesigmund the Fighter (Gnoll Wanderer)       Turns: 15411, Time: 00:36:37

Health: 0/103      AC: 24    Str: 18    XL:     12   Next: 28%
Magic:  19/22      EV: 15    Int: 17    God:    Cheibriados [**....]
Gold:   931        SH:  8    Dex: 17    Spells: 23/25 levels left

rFire   . . .      SeeInvis .   q - +6 long sword (protect)
rCold   . . .      Faith    .   m - +2 buckler
rNeg    . . .      Spirit   .   t - +0 acid dragon scales
rPois   .          Reflect  .   k - +0 helmet
rElec   .          Harm     .   (no cloak)
rCorr   +          Rampage  .   b - +1 pair of gloves
Will    .....                   u - +0 pair of boots
Stlth   +++.......              (no amulet)
HPRegen 0.27/turn               f - +4 ring of protection
MPRegen 0.18/turn               g - ring of resist corrosion

@: under a protective aura, very slow
A: fangs 1, strong nose, distributed training
a: Renounce Religion, Bend Time


You were on level 12 of the Dungeon.
You worshipped Cheibriados.
Cheibriados was pleased with you.
You visited 2 branches of the dungeon, and saw 13 of its levels.
You also visited: Sewer and Bailey.

You collected 1081 gold pieces.
You spent 150 gold pieces at shops.

Inventory:

Hand Weapons
 a - a +4 flail
 c - a +0 hand crossbow
 j - a +4 hand axe of flaming
 q - a +6 long sword of protection (weapon)
Missiles
 d - 40 bolts
 l - 4 curare-tipped darts
 o - 21 poisoned darts (quivered)
 v - 2 throwing nets
Armour
 b - a +1 pair of gloves (worn)
 k - a +0 helmet (worn)
 m - a +2 buckler (worn)
 t - +0 acid dragon scales (worn)
 u - a +0 pair of boots (worn)
Jewellery
 f - a +4 ring of protection (left hand)
 g - a ring of resist corrosion (right hand)
 C - a ring of ice
Wands
 n - a wand of digging (8)
 E - a wand of flame (3)
 F - a wand of polymorph (6)
 H - a wand of iceblast (5)
Scrolls
 r - 2 scrolls of magic mapping
 w - a scroll of identify
 B - 3 scrolls of fog
Potions
 i - 2 potions of brilliance
 s - a potion of cancellation
 z - 2 potions of magic
 D - 2 potions of flight
Miscellaneous
 y - a condenser vane (inert)


   Skills:
 + Level 12.5 Fighting
 + Level 7.1 Short Blades
 + Level 7.1 Long Blades
 + Level 7.1 Axes
 + Level 7.1 Maces & Flails
 + Level 7.1 Polearms
 + Level 7.1 Staves
 + Level 7.1 Slings
 + Level 7.1 Bows
 + Level 7.6 Crossbows
 + Level 8.6 Throwing
 + Level 8.6 Armour
 + Level 7.1 Dodging
 + Level 7.1 Stealth
 + Level 7.1 Shields
 + Level 7.1 Unarmed Combat
 + Level 7.1 Spellcasting
 + Level 5.9 Conjurations
 + Level 5.9 Hexes
 + Level 5.9 Summonings
 + Level 5.9 Necromancy
 + Level 5.9 Translocations
 + Level 5.9 Transmutations
 + Level 5.9 Fire Magic
 + Level 5.9 Ice Magic
 + Level 5.9 Air Magic
 + Level 5.9 Earth Magic
 + Level 5.9 Poison Magic
 + Level 7.8 Invocations
 + Level 7.1 Evocations


You had 23 spell levels left.
You knew the following spells:

 Your Spells              Type           Power      Damage    Failure   Level
a - Wereblood             Tmut           26%        N/A       1%          2

Your spell library contained the following spells:

 Spells                   Type           Power      Damage    Failure   Level
 Beastly Appendage        Tmut           52%        N/A       1%          1
 Ensorcelled Hibernation  Hex/Ice        52%        N/A       1%          2
 Scorch                   Fire           52%        2d8       1%          2
 Dazzling Flash           Conj/Hex       52%        N/A       3%          3
 Ignite Poison            Fire/Tmut/Pois 26%        N/A       3%          3
 Mephitic Cloud           Conj/Pois/Air  26%        N/A       3%          3
 Spider Form              Tmut/Pois      13%        N/A       3%          3
 Tukima's Dance           Hex            26%        N/A       3%          3
 Flame Wave               Conj/Fire      26%        3d6       12%         4
 Agony                    Necr           26%        N/A       34%         5
 Blade Hands              Tmut           13%        N/A       34%         5
 Freezing Cloud           Conj/Ice/Air   13%        6-21      34%         5
 Irradiate                Conj/Tmut      13%        3d18      34%         5
 Silence                  Hex/Air        13%        N/A       34%         5
 Summon Cactus Giant      Summ           13%        N/A       88%         6
 Dragon Form              Tmut           13%        N/A       100%        7


Dungeon Overview and Level Annotations

Branches:
Dungeon (12/15)            Temple (1/1) D:7            Lair (0/6) D:11
    Orc (0/2) D:11          Sewer (visited)          Bailey (visited)

Altars:
Ashenzari
Cheibriados
Dithmenos
Elyvilon
Fedhas
Gozag
Hepliaklqana
Kikubaaqudgha
Makhleb
Nemelex Xobeh
Okawaru
Qazlal
Ru
Sif Muna
Trog
Uskayaw
Vehumet
Wu Jian
Xom
Yredelemnul
Zin
The Shining One

Shops:
D:4 !   D:6 =   D:11 *

Annotations:
D:11 1 runed translucent door, Colgate's ghost, novice TrEE


Innate Abilities, Weirdness & Mutations

You have very sharp teeth.
Your uncanny sense of smell can sniff out nearby items.
Your experience applies equally to all skills.


Message History

The large slime creature is moderately wounded.
The large slime creature hits you.
You barely miss the large slime creature.
You bite the large slime creature, but do no damage.
The large slime creature is moderately wounded.
The large slime creature hits you!
You slash the large slime creature!
The large slime creature is moderately wounded.
You block the large slime creature's attack.
A slime creature comes into view.
You slash the large slime creature! You bite the large slime creature.
The large slime creature is heavily wounded.
You block the large slime creature's attack.
You slash the large slime creature!
The large slime creature is heavily wounded.
The large slime creature closely misses you.
You slash the large slime creature!
The large slime creature is severely wounded.
The large slime creature hits you but does no damage.
Two slime creatures merge to form a very large slime creature.
You slash the very large slime creature!
You bite the very large slime creature, but do no damage.
The very large slime creature is heavily wounded.
You hit the very large slime creature.
The very large slime creature is heavily wounded.
A slime creature comes into view.
You barely miss the very large slime creature.
The very large slime creature is heavily wounded.
The very large slime creature hits you!!!
You hit the very large slime creature.
The very large slime creature is heavily wounded.
The very large slime creature misses you.
The flow of time bends around you.
Cheibriados rebukes the very large slime creature.
The very large slime creature seems to slow down.
The very large slime creature hits you.
You slash the very large slime creature!
The very large slime creature is heavily wounded.
The very large slime creature hits you!!!
You die...

#...#...........#
+.(.#...........#
+...#...........#
#...######......#
#........#......#
#........'y######
#........#y#
...........#J#
............+@#
............#.#
............#.#
............#.#
...........#.#
#.# #.# #.#


You could see a very large slime creature (slow) and 2 vampire mosquitoes.

Vanquished Creatures
  Erolcha (D:9)
  3 two-headed ogres
  A swamp dragon (shapeshifter) (D:11)
  A cyclops (D:12)
  Joseph (D:8)
  A komodo dragon (D:11)
  2 trolls (D:11)
  A hornet (D:9)
  Grinder (D:6)
  A shadow (D:9)
  2 wraiths
  11 yaks (D:10)
  2 steam dragons
  A basilisk (D:11)
  7 vampire mosquitoes
  3 wargs (D:11)
  Edmund (D:6)
  2 water moccasins
  An acid dragon (D:11)
  7 orc warriors
  2 ice beasts
  2 sky beasts
  A black bear (D:7)
  7 necrophages
  6 ogres
  15 centaurs
  5 bullfrogs
  A gnoll sergeant (D:7)
  A water moccasin zombie (D:5)
  4 scorpions
  A water moccasin skeleton (D:4)
  9 killer bees
  7 wights
  2 howler monkeys
  3 centaur zombies
  5 orc priests
  2 hounds
  2 jellies
  A centaur skeleton (D:7)
  A gnoll shaman (D:10)
  3 iguanas
  2 orc wizards
  A killer bee zombie (D:8)
  A howler monkey zombie (D:8)
  12 gnolls
  11 adders
  5 river rats (Sewer)
  3 shadow imps
  A white imp (D:6)
  A worm (D:5)
  26 orcs
  A bat (D:1)
  9 endoplasms
  A giant cockroach (D:3)
  10 goblins
  5 hobgoblins
  4 jackals (D:2)
  2 quokkas (D:4)
  16 ball pythons
  7 frilled lizards
  6 kobolds
  29 rats
283 creatures vanquished.

Vanquished Creatures (collateral kills)
  An orc knight (Bailey)
  A kobold demonologist (D:12)
  2 orc warriors (Bailey)
  A gnoll (Bailey)
  2 orcs (Bailey)
  3 goblins (Bailey)
10 creatures vanquished.

Vanquished Creatures (others)
  An orc (D:11)
  A plant (D:11)
2 creatures vanquished.

Grand Total: 295 creatures vanquished

Notes
Turn   | Place    | Note
-------+----------+-------------------------------------------
     0 | D:1      | Reached skill level 10 in Fighting
     0 | D:1      | Ijustatesigmund the Gnoll Wanderer began the quest for the
                  | Orb.
     0 | D:1      | Ijustatesigmund set off with the following items: a +2
                  | dagger, 2 curare-tipped darts, a +0 hand crossbow, 28
                  | bolts, a +0 ring mail
     0 | D:1      | Reached XP level 1. HP: 29/29 MP: 1/1
   180 | D:1      | Reached XP level 2. HP: 36/36 MP: 2/2
   733 | D:2      | Reached XP level 3. HP: 42/42 MP: 3/3
   867 | D:2      | Found a sparkling altar of Nemelex Xobeh.
  1338 | D:3      | Found a basalt altar of Yredelemnul.
  1363 | D:3      | Found a sparkling altar of Nemelex Xobeh.
  1392 | D:3      | Reached skill level 1 in Short Blades
  1392 | D:3      | Reached skill level 1 in Long Blades
  1392 | D:3      | Reached skill level 1 in Axes
  1392 | D:3      | Reached skill level 1 in Maces & Flails
  1392 | D:3      | Reached skill level 1 in Polearms
  1392 | D:3      | Reached skill level 1 in Staves
  1392 | D:3      | Reached skill level 1 in Slings
  1392 | D:3      | Reached skill level 1 in Bows
  1392 | D:3      | Reached skill level 1 in Dodging
  1392 | D:3      | Reached skill level 1 in Stealth
  1392 | D:3      | Reached skill level 1 in Shields
  1392 | D:3      | Reached skill level 1 in Unarmed Combat
  1392 | D:3      | Reached skill level 1 in Spellcasting
  1392 | D:3      | Reached skill level 1 in Invocations
  1392 | D:3      | Reached skill level 1 in Evocations
  1392 | D:3      | Reached XP level 4. HP: 30/48 MP: 5/5
  1401 | D:3      | Reached skill level 1 in Conjurations
  1401 | D:3      | Reached skill level 1 in Hexes
  1401 | D:3      | Reached skill level 1 in Summonings
  1401 | D:3      | Reached skill level 1 in Necromancy
  1401 | D:3      | Reached skill level 1 in Translocations
  1401 | D:3      | Reached skill level 1 in Transmutations
  1401 | D:3      | Reached skill level 1 in Fire Magic
  1401 | D:3      | Reached skill level 1 in Ice Magic
  1401 | D:3      | Reached skill level 1 in Air Magic
  1401 | D:3      | Reached skill level 1 in Earth Magic
  1401 | D:3      | Reached skill level 1 in Poison Magic
  1706 | D:3      | Reached XP level 5. HP: 54/54 MP: 6/6
  1905 | D:3      | Found a faded altar of an unknown god.
  2239 | D:4      | Found a shimmering altar of Xom.
  2286 | D:4      | Noticed an ogre
  2309 | D:4      | Killed an ogre
  2310 | D:4      | Reached XP level 6. HP: 46/61 MP: 8/8
  2348 | D:4      | Reached skill level 5 in Throwing
  2348 | D:4      | Reached skill level 5 in Armour
  2579 | D:4      | Identified the +1 robe of a treasure trove {-Tele +Inv
                  | rPois Will++}
  2597 | D:4      | Noticed a necrophage
  2609 | D:4      | Killed a necrophage
  2830 | D:4      | Reached XP level 7. HP: 60/67 MP: 10/10
  2986 | D:4      | Found Qekho's Distillery.
  2994 | D:4      | Bought a potion of degeneration for 10 gold pieces
  2994 | D:4      | Bought a potion of curing for 30 gold pieces
  2994 | D:4      | Bought a potion of curing for 30 gold pieces
  2994 | D:4      | Bought a potion of berserk rage for 50 gold pieces
  2994 | D:4      | Bought a potion of lignification for 30 gold pieces
  3482 | D:5      | Entered Level 5 of the Dungeon
  3482 | D:5      | Found an iron altar of Okawaru.
  3520 | D:5      | Reached XP level 8. HP: 74/74 MP: 12/12
  3552 | D:5      | Found a glowing drain.
  3579 | Sewer    | Entered a sewer
  4126 | D:5      | Learned a level 2 spell: Wereblood
  4198 | D:5      | Reached skill level 11 in Fighting
  4377 | D:5      | Found a sacrificial altar of Ru.
  4681 | D:5      | Reached XP level 9. HP: 77/81 MP: 14/14
  5385 | D:6      | Found a white marble altar of Elyvilon.
  5417 | D:6      | Noticed Edmund
  5428 | D:6      | Killed Edmund
  5567 | D:6      | Reached skill level 5 in Crossbows
  5890 | D:6      | Noticed Grinder
  5901 | D:6      | Killed Grinder
  5910 | D:6      | Found Nakuc's Jewellery Emporium.
  6690 | D:6      | Reached skill level 5 in Invocations
  7425 | D:7      | Reached XP level 10. HP: 86/88 MP: 17/17
  7690 | D:7      | Found a staircase to the Ecumenical Temple.
  7703 | Temple   | Entered the Ecumenical Temple
  8277 | D:7      | Reached skill level 5 in Short Blades
  8277 | D:7      | Reached skill level 5 in Long Blades
  8277 | D:7      | Reached skill level 5 in Axes
  8277 | D:7      | Reached skill level 5 in Maces & Flails
  8277 | D:7      | Reached skill level 5 in Polearms
  8277 | D:7      | Reached skill level 5 in Staves
  8277 | D:7      | Reached skill level 5 in Slings
  8277 | D:7      | Reached skill level 5 in Bows
  8277 | D:7      | Reached skill level 5 in Dodging
  8277 | D:7      | Reached skill level 5 in Stealth
  8277 | D:7      | Reached skill level 5 in Shields
  8277 | D:7      | Reached skill level 5 in Unarmed Combat
  8277 | D:7      | Reached skill level 5 in Spellcasting
  8277 | D:7      | Reached skill level 5 in Evocations
  8500 | D:8      | Noticed Joseph
  8517 | D:8      | Killed Joseph
  8817 | D:8      | Found a broken altar of Ashenzari.
  8914 | D:8      | Found a flagged portal.
  8932 | Bailey   | Entered a bailey
  8962 | Bailey   | Noticed an orc knight
  8971 | Bailey   | Killed an orc knight
  9438 | D:8      | Found an ancient bone altar of Kikubaaqudgha.
  9450 | D:8      | Found a glowing golden altar of the Shining One.
  9453 | D:8      | Found a snail-covered altar of Cheibriados.
  9541 | D:8      | Became a worshipper of Cheibriados the Contemplative
  9878 | D:9      | Noticed Erolcha
  9905 | D:9      | Killed Erolcha
 10221 | D:9      | Noticed a two-headed ogre
 10238 | D:9      | Killed a two-headed ogre
 10239 | D:9      | Reached XP level 11. HP: 95/95 MP: 19/19
 10350 | D:9      | Reached skill level 12 in Fighting
 10359 | D:9      | Identified the +2 robe of an ice cave {rC+}
 10487 | D:9      | Paralysed by a hornet for 2 turns
 10492 | D:9      | Paralysed by a hornet for 3 turns
 10497 | D:9      | Reached skill level 5 in Conjurations
 10497 | D:9      | Reached skill level 5 in Hexes
 10497 | D:9      | Reached skill level 5 in Summonings
 10497 | D:9      | Reached skill level 5 in Necromancy
 10497 | D:9      | Reached skill level 5 in Translocations
 10497 | D:9      | Reached skill level 5 in Transmutations
 10497 | D:9      | Reached skill level 5 in Fire Magic
 10497 | D:9      | Reached skill level 5 in Ice Magic
 10497 | D:9      | Reached skill level 5 in Air Magic
 10497 | D:9      | Reached skill level 5 in Earth Magic
 10497 | D:9      | Reached skill level 5 in Poison Magic
 11203 | D:10     | Entered Level 10 of the Dungeon
 11628 | D:10     | You fall into a shaft and drop 2 floors!
 11790 | D:11     | Reached * piety under Cheibriados
 12049 | D:11     | Found a staircase to the Lair.
 12077 | D:10     | Noticed a two-headed ogre
 12800 | D:10     | Found a burning altar of Makhleb.
 12839 | D:10     | Killed a two-headed ogre
 12886 | D:10     | Found a hide-covered altar of Uskayaw.
 12895 | D:10     | Found a stormy altar of Qazlal.
 12996 | D:11     | Noticed a two-headed ogre
 13014 | D:10     | Killed a two-headed ogre
 13261 | D:11     | Found a glowing silver altar of Zin.
 13262 | D:11     | Found Zin's Purification Station.
 13417 | D:11     | Reached XP level 12. HP: 73/103 MP: 22/22
 13421 | D:11     | Reached ** piety under Cheibriados
 13836 | D:11     | Found a runed translucent door.
 14289 | D:11     | Found a staircase to the Orcish Mines.
 14508 | D:11     | Noticed Colgate's ghost (novice TrEE)
 15411 | D:12     | Slain by a very large slime creature

Illustrated notes

Levels and vault maps discovered:
D:1:      psy_arrival_statuary, layout_rooms, st_stairs_6
D:2:      layout_basic, basic_altar
D:3:      layout_rooms, nemelex_xobeh_ov_fountains_minmay,
          nicolae_overflow_crystal_walls, chequers_ecumenical_altar_simple,
          minivault_23, wander_ebering_terrifying_dragon_lair
D:4:      layout_basic, xom_butterflies, serial_shops, nicolae_shop_crystal,
          grunt_decor_resistance, kennysheep_small_circle
D:5:      layout_loops_ring, hangedman_ru_absence, okawaru_trees_2,
          cheibrodos_sewer_entry_drain, kennysheep_diamond, minmay_crossroads
D:6:      layout_loops_ring, lemuel_coloured_pillars_altar, serial_shops,
          shop_statue, uniq_grinder, uniq_edmund
D:7:      layout_basic, minmay_temple_entry_grid
D:8:      layout_cave_pools, ashenzari_altar_1, lemuel_round_altar,
          chequers_temple_overflow_statue_of_worship, enter_bailey_5,
          uniq_joseph
D:9:      layout_grid_maze, uniq_erolcha
D:10:     layout_cave_pools, mainiacjoe_overflow_swirl, kennysheep_little_box
D:11:     layout_cave_pools, erik_lair_orcish_takeover, david_orc_4,
          ebering_ghost_reflecting_pool, zin_purify
D:12:     layout_irregular_city, minmay_orc_keep
Temple:   compressed_dpeg_triangle_lava_temple

Skill      XL: |  1  2  3  4  5  6  7  8  9 10 11 12 |
---------------+-------------------------------------+-----
Fighting       | 11 12 | 12.5
Short Blades   | 1 2 3 4 5 6 7 |  7.1
Long Blades    | 1 2 3 4 5 6 7 |  7.1
Axes           | 1 2 3 4 5 6 7 |  7.1
Maces & Flails | 1 2 3 4 5 6 7 |  7.1
Polearms       | 1 2 3 4 5 6 7 |  7.1
Staves         | 1 2 3 4 5 6 7 |  7.1
Slings         | 1 2 3 4 5 6 7 |  7.1
Bows           | 1 2 3 4 5 6 7 |  7.1
Dodging        | 1 2 3 4 5 6 7 |  7.1
Stealth        | 1 2 3 4 5 6 7 |  7.1
Shields        | 1 2 3 4 5 6 7 |  7.1
Unarmed Combat | 1 2 3 4 5 6 7 |  7.1
Spellcasting   | 1 2 3 4 5 6 7 |  7.1
Invocations    | 1 2 3 4 5 6 7 |  7.8
Evocations     | 1 2 3 4 5 6 7 |  7.1
Conjurations   | 1 2 3 4 5 |  5.9
Hexes          | 1 2 3 4 5 |  5.9
Summonings     | 1 2 3 4 5 |  5.9
Necromancy     | 1 2 3 4 5 |  5.9
Translocations | 1 2 3 4 5 |  5.9
Transmutations | 1 2 3 4 5 |  5.9
Fire Magic     | 1 2 3 4 5 |  5.9
Ice Magic      | 1 2 3 4 5 |  5.9
Air Magic      | 1 2 3 4 5 |  5.9
Earth Magic    | 1 2 3 4 5 |  5.9
Poison Magic   | 1 2 3 4 5 |  5.9
Crossbows      | 3 4 5 6 7 |  7.6
Throwing       | 5 6 7 8 |  8.6
Armour         | 5 6 7 8 |  8.6

Action                   |  1- 3 |  4- 6 |  7- 9 | 10-12 || total
-------------------------+-------+-------+-------+-------++-------
Melee: Dagger            |    46 |       |       |       ||    46
       Bite              |     7 |     7 |    27 |    71 ||   112
       Quarterstaff      |    33 |    85 |   127 |       ||   245
       Flail             |       |       |   192 |    24 ||   216
       Long sword        |       |       |       |   533 ||   533
 Fire: Hand crossbow     |       |     7 |    59 |       ||    66
Throw: Dart              |     2 |     2 |    14 |    47 ||    65
       Throwing net      |       |       |       |     6 ||     6
Invok: Bend Time         |       |       |       |     5 ||     5
Evoke: Wand              |       |       |       |    11 ||    11
       Condenser vane    |       |       |       |     1 ||     1
  Use: Scroll            |     4 |     2 |    11 |    10 ||    27
       Potion            |       |     2 |     4 |    19 ||    25
 Stab: Sleeping          |       |       |     2 |     3 ||     5
       Paralysed         |       |       |       |     6 ||     6
Armor: Ring mail         |    37 |    44 |   174 |   412 ||   667
       Skin              |       |       |       |    38 ||    38
       Acid dragon scale |       |       |       |    35 ||    35
       Scale mail        |       |       |       |     6 ||     6
Dodge: Dodged            |    47 |    43 |   183 |   606 ||   879
Block: Buckler           |       |       |    60 |   378 ||   438

Table legend: (Time is in decaauts)
 A = Elapsed time spent in this place.
 B = Non-inter-level travel time spent in this place.
 C = Inter-level travel time spent in this place.
 D = Time resting spent in this place.
 E = Time spent auto-exploring this place.
 F = Levels seen in this place.
 G = Mean time per level.
                   A        B        C        D        E       F      G
               +--------+--------+--------+--------+--------+-----+--------+
         Total |  16469 |  16078 |    391 |   4210 |   8787 |  15 | 1097.9 |
       Dungeon |  15379 |  14994 |    385 |   4029 |   8246 |  12 | 1281.6 |
        Temple |    281 |    276 |      5 |      0 |    269 |   1 |  281.0 |
         Sewer |    611 |    611 |      0 |    137 |    272 |   1 |  611.0 |
        Bailey |    196 |    196 |      0 |     44 |      0 |   1 |  196.0 |
               +--------+--------+--------+--------+--------+-----+--------+

Top non-repeatable levels by time:
     D:9: 1947 daAuts
    D:11: 1748 daAuts
     D:5: 1575 daAuts
    D:10: 1573 daAuts
     D:6: 1526 daAuts
     D:4: 1270 daAuts
    D:12: 1222 daAuts
     D:8: 1146 daAuts
     D:7: 1129 daAuts
     D:2: 993 daAuts
     D:3: 905 daAuts
   Sewer: 611 daAuts
     D:1: 341 daAuts
  Temple: 281 daAuts
  Bailey: 196 daAuts
